 Dungeon Crawl Stone Soup version 0.30-a0-586-g23e55c9e0a (webtiles) character file.

Game seed: 11007032249330101508

112 Dirtsage the Slasher (level 4, -5/31 HPs)
             Began as an Octopode Fighter on Jan 3, 2023.
             Slain by a gnoll
             ... wielding a +0 halberd
              (11 damage)
             ... on level 2 of the Dungeon.
             The game lasted 00:02:33 (1227 turns).

Dirtsage the Slasher (Octopode Fighter)             Turns: 1227, Time: 00:02:34

Health: -5/31      AC:  1    Str: 15    XL:     4   Next: 95%
Magic:  4/4        EV: 18    Int: 10    God:
Gold:   71         SH:  4    Dex: 13    Spells: 3/3 levels left

rFire   . . .      SeeInvis .    a - +0 long sword
rCold   . . .      Faith    .    b - +0 buckler
rNeg    . . .      Spirit   .    (helmet restricted)
rPois   .          Reflect  .    (no amulet)
rElec   .          Harm     .    f - +5 ring of evasion
rCorr   .          Rampage  .    (no ring)
Will    .....                    (no ring)
Stlth   ++                       (no ring)
HPRegen 0.25/turn                (no ring)
MPRegen 0.09/turn                (no ring)
                                 (no ring)
                                 (no ring)

@: no status effects
A: almost no armour, amphibious, 8 rings, camouflage 1, gelatinous body 1,
(nimble swimmer 1), tentacles
a: no special abilities


You were on level 2 of the Dungeon.
You visited 1 branch of the dungeon, and saw 2 of its levels.

You collected 71 gold pieces.

Inventory:

Hand Weapons
 a - a +0 long sword (weapon)
Missiles
 g - 2 boomerangs of dispersal (quivered)
Armour
 b - a +0 buckler (worn)
Jewellery
 f - a +5 ring of evasion (left tentacle)
Scrolls
 c - 2 scrolls of teleportation {unknown}
 e - a scroll of amnesia {unknown}
 h - 2 scrolls of blinking {unknown}
 i - 3 scrolls of identify {unknown}
 k - a scroll of noise {unknown}
Potions
 d - 2 potions of might
 j - a potion of heal wounds {unknown}
 l - a potion of attraction {unknown}
 q - a potion of curing


   Skills:
 - Level 3.0 Fighting
 * Level 4.9 Long Blades
 - Level 3.0 Dodging
 - Level 3.0 Shields


You had 3 spell levels left.
You didn't know any spells.
Your spell library contained the following spells:

 Spells                   Type           Power      Damage    Failure   Level
 Summon Forest            Summ/Tloc      0%         N/A       100%        5
 Eringya's Noxious Bog    Tmut/Pois      0%         N/A       100%        6
 Summon Hydra             Summ           0%         N/A       100%        7


Dungeon Overview and Level Annotations

Branches:
Dungeon (2/15)

Altars:
Qazlal


Innate Abilities, Weirdness & Mutations

You cannot wear most types of armour.
You are amphibious.
You can wear up to eight rings at the same time.
Your skin changes colour to match your surroundings (Stealth+).
Your rubbery body absorbs attacks. (AC +1, EV +1)
((You are camouflaged when in or above water. (Stealth+)))
You have tentacles for arms and can constrict up to eight enemies at once.


Message History

The gnoll barely misses you.
You barely miss the gnoll. Your grab misses the gnoll.
The gnoll is heavily wounded.
You block the gnoll's attack.
A gnoll comes into view. It is wielding a +0 halberd.
The gnoll hits you with a +0 flail!
You take 11 damage, and have 20/31 hp.
MASSIVE DAMAGE!!
You are too injured to fight recklessly!
You are too injured to fight recklessly!
A gnoll comes into view. It is wielding a +0 spear.
The gnoll completely misses you.
The gnoll hits you with a +2 heavy spear.
You take 4 damage, and have 16/31 hp.
The gnoll shouts!
You slash the gnoll! You grab the gnoll. You squeeze the gnoll.
You kill the gnoll!
You block the gnoll's attack.
You hit the gnoll. Your grab misses the gnoll.
You squeeze the gnoll, but do no damage.
The gnoll is heavily wounded.
The gnoll closely misses you.
You slash the gnoll!
You kill the gnoll!
The gnoll closely misses you.
The gnoll hits you from afar with a +0 spear.
You take 3 damage, and have 14/31 hp.
The gnoll misses you. x2
You see here a +2 heavy spear.
You hit the gnoll but do no damage. You grab the gnoll.
You squeeze the gnoll, but do no damage.
You constrict the gnoll.
The gnoll hits you from afar with a +0 halberd!
* * * LOW HITPOINT WARNING * * *
The gnoll barely misses you.
You take 8 damage, and have 6/31 hp.
MASSIVE DAMAGE!!
You hit the gnoll.
The gnoll is moderately wounded.
You constrict the gnoll. The gnoll barely misses you.
The gnoll hits you from afar with a +0 halberd!
You die...

#.#+###.#####.#.#..
#.......# #.#+#+#
#.......# #......
#.......#####......
#..................
#......#######.....
#..).........'.<...
#.####.##########.....
#..gg@.# #.....
######## ##'##. #.###
#.# #.### #.... #####


You could see 2 gnolls.

Vanquished Creatures
  Natasha (D:2)
  2 gnolls (D:2)
  2 adders (D:2)
  5 ball pythons
  8 endoplasms
  2 giant cockroaches (D:1)
  8 goblins
  2 hobgoblins (D:2)
  3 jackals (D:1)
  3 quokkas
  3 bats
  3 frilled lizards
  2 kobolds
  6 rats
50 creatures vanquished.

Notes
Turn   | Place    | Note
-------+----------+-------------------------------------------
     0 | D:1      | Dirtsage the Octopode Fighter began the quest for the Orb.
     0 | D:1      | Reached XP level 1. HP: 16/16 MP: 1/1
    95 | D:1      | You fall into a shaft and drop 1 floor!
   105 | D:2      | Reached XP level 2. HP: 21/21 MP: 2/2
   125 | D:2      | Reached skill level 3 in Long Blades
   183 | D:1      | Reached XP level 3. HP: 24/26 MP: 3/3
   755 | D:2      | Found a stormy altar of Qazlal.
   773 | D:2      | Reached skill level 4 in Long Blades
   859 | D:2      | Noticed Natasha
   865 | D:2      | Killed Natasha
   865 | D:2      | HP: 1/26 [goblin/+0 dagger (4)]
   866 | D:2      | Reached XP level 4. HP: 2/31 MP: 4/4
  1227 | D:2      | Slain by a gnoll

Illustrated notes

Levels and vault maps discovered:
D:1:      roderic_crossed_star, layout_basic, nrook_mini_vaults, minmay_bisected
D:2:      layout_basic, basic_altar, uniq_natasha, uniq_jessica

Skill      XL: |  1  2  3 |
---------------+----------+-----
Long Blades    | 3 4 |  4.9
Fighting       | |  3.0
Dodging        | |  3.0
Shields        | |  3.0

Action                   |  1- 3 |  4- 6 || total
-------------------------+-------+-------++-------
Melee: Long sword        |    61 |    27 ||    88
       Constrict         |    14 |     6 ||    20
       Tentacles         |     8 |     4 ||    12
  Use: Potion            |       |     1 ||     1
 Stab: Sleeping          |     7 |     2 ||     9
       Distracted        |     1 |       ||     1
Armor: Skin              |     4 |     2 ||     6
Dodge: Dodged            |    30 |    25 ||    55
Block: Buckler           |    11 |     6 ||    17

Table legend: (Time is in decaauts)
 A = Elapsed time spent in this place.
 B = Non-inter-level travel time spent in this place.
 C = Inter-level travel time spent in this place.
 D = Time resting spent in this place.
 E = Time spent auto-exploring this place.
 F = Levels seen in this place.
 G = Mean time per level.
                   A        B        C        D        E       F      G
               +--------+--------+--------+--------+--------+-----+--------+
         Total |   1249 |   1220 |     29 |      0 |    922 |   2 |  624.5 |
       Dungeon |   1249 |   1220 |     29 |      0 |    922 |   2 |  624.5 |
               +--------+--------+--------+--------+--------+-----+--------+

Top non-repeatable levels by time:
     D:1: 676 daAuts
     D:2: 573 daAuts
